 Dungeon Crawl Stone Soup version 0.27.1-34-g3ba077fa99 (webtiles) character file.

Game seed: 18107465810274456553

1 cbfl8 the Sneak (level 1, -8/19 HPs)
             Began as a Minotaur Delver on Jan 20, 2022.
             Mangled by an orc (11 damage)
             ... on level 3 of the Dungeon.
             The game lasted 00:00:59 (122 turns).

cbfl8 the Sneak (Minotaur Delver)                    Turns: 122, Time: 00:01:00

Health: -8/19      AC:  3    Str: 16    XL:     1   Next: 16%
Magic:  0/0        EV: 11    Int:  7    God:
Gold:   4          SH:  0    Dex: 11    Spells: 0/0 levels left

rFire    . . .     SeeInvis .   a - +0 hand axe
rCold    . . .     Faith    .   (no shield)
rNeg     . . .     Spirit   .   b - +0 leather armour
rPois    .         Reflect  .   (helmet restricted)
rElec    .         Harm     .   (no cloak)
rCorr    .         Rampage  .   (no gloves)
Will     .....                  (no boots)
Stlth    ++........             (no amulet)
HPRegen  0.06/turn              (no ring)
MPRegen  0.07/turn              (no ring)

@: hasted, very quick
A: horns 2, retaliatory headbutt
a: no special abilities


You were on level 3 of the Dungeon.
You visited 1 branch of the dungeon, and saw 3 of its levels.

You collected 4 gold pieces.

Inventory:

Hand Weapons
 a - a +0 hand axe (weapon)
Armour
 b - a +0 leather armour (worn)
Wands
 g - a wand of digging (3)
Scrolls
 c - a scroll of fog
 d - a scroll of magic mapping
 i - 2 scrolls of torment
Potions
 h - a potion of brilliance


   Skills:
 + Level 3.6 Fighting
 + Level 2.4 Axes
 + Level 2.1 Dodging
 + Level 4.1 Stealth


You couldn't memorise any spells.
You didn't know any spells.
Your spell library was empty.

Dungeon Overview and Level Annotations

Branches:
Dungeon (5/15)
 Temple: D:4-7

Altars:
The Shining One

Annotations:
D:3 Grinder


Innate Abilities, Weirdness & Mutations

You have a pair of horns on your head.
You reflexively headbutt those who attack you in melee.


Message History

A gnoll comes into view. It is wielding a +0 whip.
The gnoll shouts!
You hear a shout!
A gnoll comes into view. It is wielding a +0 whip.
The gnoll closely misses you.
As you read the scroll labelled PECHEA KUSEBB, it crumbles to dust.
Your body is wracked with pain!
The gnoll convulses! x2
It was a scroll of torment.
The gnoll hits you from afar with a +0 spear.
As you read the scroll labelled CANAGU WAUGASM, it crumbles to dust.
It is a scroll of identify.
h - a potion of brilliance The gnoll completely misses you.
A gnoll comes into view. It is wielding a +0 club.
As you read the scroll of fog, it crumbles to dust.
The scroll dissolves into smoke.
The gnoll hits you from afar with a +0 spear.
* * * LOW HITPOINT WARNING * * *
As you read the scroll of fear, it crumbles to dust.
You assume a fearsome visage.
The gnoll looks frightened! x2
Okay, then.
An orc comes into view. It is wielding a +0 mace.
An orc wizard comes into view. It is wielding a +0 dagger.
An orc comes into view.
It is wielding a +0 war axe and wearing a +0 leather armour of poison resistance.
Found a wand of digging (6).
You feel yourself speed up. The gnoll misses you.
Found a glowing golden altar of the Shining One.
The orc wizard shouts!
The orc shouts! x2; The gnoll shouts!
The bat barely misses you. You furiously retaliate!
You headbutt the bat!
You kill the bat!
You hear a shout!
Grinder comes into view.
The gnoll shouts!
An orc comes into view. It is wielding a +0 club.
The orc wizard gestures at you while chanting.
You resist with significant effort.
A hobgoblin comes into view.
Found 21 sling bullets.
The orc hits you with a +0 war axe!
Ouch! That really hurt!
You die...

......(.+
.......#
..g....## .#
........# _.#
###...5../#
.#..##.........#
#..##...........
##....@o.o..o.
##../g..o......
##..............
#...$g.g..######
#...#.#§###
....#g#§# ...
#§#§# .. #§#§#
#§§§#


You could see Grinder, an orc wizard, 4 gnolls, 3 orcs and a hobgoblin.

Vanquished Creatures
  A bat (D:3)
1 creature vanquished.

Notes
Turn   | Place    | Note
-------+----------+-------------------------------------------
     0 | D:5      | cbfl8 the Minotaur Delver began the quest for the Orb.
     0 | D:5      | Reached XP level 1. HP: 19/19 MP: 0/0
    84 | D:5      | Noticed an ogre
    84 | D:5      | Noticed an iguana
   115 | D:3      | Noticed an orc wizard
   118 | D:3      | Found a glowing golden altar of the Shining One.
   119 | D:3      | Noticed Grinder
   122 | D:3      | Mangled by an orc

Illustrated notes

Levels and vault maps discovered:
D:3:      layout_basic, tso_metal_star, chequers_jeans, uniq_grinder,
          uniq_terence
D:4:      gammafunk_cloud_chamber, layout_loops_cross
D:5:      layout_loops_ring, lemuel_round_altar, kennysheep_generic_room_4

Action                   || total
-------------------------++-------
  Use: Scroll            ||     4
       Potion            ||     1
Dodge: Dodged            ||     4
